 Dungeon Sprint DCSS version 0.28-a0-101-g18048e5a82 (webtiles) character file.

Game seed: 2880759092643954484

88 MikeHunt the Covert (level 4, -6/46 HPs)
             Began as a Naga Wanderer on Aug 10, 2021.
             Mangled by a human (17 damage)
             ... in the Dungeon (Sprint III: "The Ten Rune Challenge").
             The game lasted 00:02:59 (558 turns).

MikeHunt the Covert (Naga Wanderer)                  Turns: 558, Time: 00:02:59

Health: -6/46      AC:  4    Str: 15    XL:     4   Next: 53%
Magic:  4/4        EV:  8    Int: 13    God:
Gold:   31         SH:  0    Dex: 10    Spells: 3/3 levels left

rFire   . . .      SeeInvis +   a - +2 dagger
rCold   . . .      Faith    .   (no shield)
rNeg    . . .      Spirit   .   c - +0 ring mail
rPois   +          Reflect  .   (no helmet)
rElec   .          Harm     .   (no cloak)
rCorr   .          Rampage  .   (no gloves)
Will    .....      NoTele   +   (no barding)
Stlth   +++.......              (no amulet)
HPRegen 0.15/turn               (no ring)
MPRegen 0.09/turn               (no ring)

@: short of breath, very slow
A: AC +1, large, see invisible, deformed body, poison resistance, slowness 2,
spit poison 1, naga tail 1
a: Spit Poison


You were in the Dungeon.
You visited 1 branch You collected 31 gold pieces.

Inventory:

Hand Weapons
 a - a +2 dagger (weapon)
 d - a +0 short sword
Missiles
 b - a curare-tipped dart (quivered)
Armour
 c - a +0 ring mail (worn)
Scrolls
 k - 2 scrolls of torment {unknown}
 l - 2 scrolls of identify {unknown}
Potions
 e - a potion of curing
 g - a potion of haste
 h - 2 potions of magic
 i - 3 potions of mutation {unknown}
 m - a potion of brilliance {unknown}
 n - a potion of degeneration {unknown}
 o - 2 potions of flight


   Skills:
 - Level 5.0 Fighting
 - Level 6.0 Short Blades
 - Level 1.0 Axes
 - Level 1.7 Throwing
 - Level 1.0 Armour
 + Level 9.2 Stealth


You had 3 spell levels left.
You didn't know any spells.
Your spell library was empty.

Dungeon Overview and Level Annotations

Branches:
Dungeon (1/1)

Altars:
Okawaru
Trog
Uskayaw
Wu Jian
Beogh


Innate Abilities, Weirdness & Mutations

Your serpentine skin is tough. (AC +1)
You have supernaturally acute eyesight. (SInv)
Armour fits poorly on your strangely shaped body.
Your system is resistant to poisons. (rPois)
You cover ground very slowly.
You can spit poison.
You have a snake-like lower body.


Message History

The splash of poison misses the human.
The human barely misses you.
You closely miss the human.
The human is lightly wounded.
You hit the human.
The human is moderately wounded.
The human drinks a potion.
The human shakes off its lethargy.
The human goes berserk!
You hit the human but do no damage.
The human is moderately wounded.
The human hits you with a +0 dagger!
You hit the human but do no damage.
The human is heavily wounded.
The human hits you with a +0 dagger!
You hit the human.
The human is heavily wounded.
The human hits you with a +0 dagger.
You hit the human.
The human is heavily wounded.
You have got your breath back.
The human hits you with a +0 dagger!
* * * LOW HITPOINT WARNING * * *
Blink to where?
Press: ? - help, Dir - move target, p - human
As you read the scroll of blinking, it crumbles to dust.
You close the door.
Something unseen opens the door.
You hear a shout!
Press: ? - help, Shift-Dir - straight line, f - human
Aim: a human, wielding a +0 dagger (heavily wounded, berserk, poisoned)
The splash of poison misses the human.
The human looks more healthy.
The human barely misses you.
Throw: 2 darts (curare)
Press: ? - help, Q - select action, (/) - cycle Shift-Dir - straight line, f/p - human
Aim: a human, wielding a +0 dagger (heavily wounded, berserk, 46% to hit)
You throw a curare-tipped dart. The curare-tipped dart hits the human.
The human is poisoned.
The human convulses.
The human seems to slow down.
The human is severely wounded.
The human hits you with a +0 dagger!
You die...

▓▓▓▓▓▓▓▓▓ ▓▓▓ ▓<..#...####
##.# ##### ▓...#......#####..#
#__p# ▓..##.......#..#..#
#__.#
▓##.##.##...#..#..###+#'###+##
##.##.###..##'#..#.....(....#
▓#.####.##..###...'.p........#
▓.###..##..####..p#...######+#
▓#.....##..###..@.#.⌠.#
###..##...##.....#...#
#†.##....#†.....#+###
#..###..##.#.....# #(.#
#..#####....# ▓▓▓▓ ▓▓▓▓ ▓▓▓▓▓▓


You could see a human (berserk, very poisoned, slow).

Vanquished Creatures
  A water elemental (D)
  A human (D)
  A phantom (D)
  An endoplasm (D)
  3 rats (D)
7 creatures vanquished.

Vanquished Creatures (others)
  2 plants (D)
2 creatures vanquished.

Grand Total: 9 creatures vanquished

Notes
Turn   | Place    | Note
-------+----------+-------------------------------------------
     0 | D        | MikeHunt the Naga Wanderer began the quest for the Orb.
     0 | D        | MikeHunt set off with the following items: a +2 dagger, 3
                  | curare-tipped darts, a +0 ring mail, a +0 short sword, a
                  | potion of curing, a potion of heal wounds, a potion of
                  | haste, 2 potions of magic, a potion of berserk rage, a
                  | scroll of blinking
     0 | D        | Reached XP level 1. HP: 25/25 MP: 1/1
    13 | D        | Reached skill level 2 in Stealth
    95 | D        | Reached skill level 3 in Stealth
   115 | D        | Reached skill level 4 in Stealth
   115 | D        | Reached XP level 2. HP: 19/32 MP: 2/2
   411 | D        | Reached skill level 6 in Stealth
   411 | D        | Reached XP level 3. HP: 31/39 MP: 3/3
   467 | D        | Noticed a water elemental
   474 | D        | Killed a water elemental
   475 | D        | Reached skill level 9 in Stealth
   475 | D        | Reached XP level 4. HP: 35/46 MP: 4/4
   541 | D        | Found a hide-covered altar of Uskayaw.
   541 | D        | Found an iron altar of Okawaru.
   542 | D        | Found a bloodstained altar of Trog.
   542 | D        | Found an ornate altar of the Wu Jian Council.
   542 | D        | Noticed a human
   542 | D        | Noticed a human
   558 | D        | Mangled by a human

Illustrated notes

Levels and vault maps discovered:
D:        dungeon_sprint_mu [sprint_mu_entry_cave, sprint_mu_temple_rooms,
          sprint_mu_d1_spiders, sprint_mu_d2_genie, sprint_mu_d3_branching,
          sprint_mu_orc_legion, sprint_mu_elf_gauntlet, sprint_mu_hive_nellie,
          sprint_mu_lair_fedhas, sprint_mu_vaults_butterflies,
          sprint_mu_slime_circle, sprint_mu_swamp_cave, sprint_mu_snake_twists,
          sprint_mu_blade_basic, sprint_mu_crypt_chambers,
          sprint_mu_tomb_spiral, sprint_mu_vestibule_basic,
          sprint_mu_gehenna_hellfire, sprint_mu_dis_giant,
          sprint_mu_tartarus_statrot, sprint_mu_cocytus_islands, sprint_mu_zot1]

Skill      XL: |  1  2  3 |
---------------+----------+-----
Stealth        | 4 6 9 |  9.2
Short Blades   | 2 4 6 |  6.0
Fighting       | |  5.0
Axes           | |  1.0
Throwing       | |  1.7
Armour         | |  1.0

Action                   |  1- 3 |  4- 6 || total
-------------------------+-------+-------++-------
Melee: Dagger            |    32 |     6 ||    38
Throw: Dart              |     3 |     2 ||     5
 Abil: Spit Poison       |     2 |     2 ||     4
  Use: Potion            |     2 |       ||     2
       Scroll            |       |     1 ||     1
 Stab: Sleeping          |     2 |       ||     2
Armor: Ring mail         |     3 |       ||     3
Dodge: Dodged            |     9 |     2 ||    11

Table legend: (Time is in decaauts)
 A = Elapsed time spent in this place.
 B = Non-inter-level travel time spent in this place.
 C = Inter-level travel time spent in this place.
 D = Time resting spent in this place.
 E = Time spent auto-exploring this place.
 F = Levels seen in this place.
 G = Mean time per level.
                   A        B        C        D        E       F      G
               +--------+--------+--------+--------+--------+-----+--------+
         Total |    594 |    594 |      0 |    429 |      0 |   1 |  594.0 |
       Dungeon |    594 |    594 |      0 |    429 |      0 |   1 |  594.0 |
               +--------+--------+--------+--------+--------+-----+--------+

Top non-repeatable levels by time:
       D: 594 daAuts
